 Dungeon Crawl Stone Soup version 0.31-a0-702-gf82c85558f (webtiles) character file.

Game seed: 8528992837772735883

249 qw the Shooter (level 6, -14/39 HPs)
             Began as a Gargoyle Hunter on Sept 7, 2023.
             Was an Initiate of Okawaru.
             Demolished by an ogre
             ... wielding a +0 giant club
              (38 damage)
             ... on level 5 of the Dungeon.
             The game lasted 00:01:02 (3268 turns).

qw the Shooter (Gargoyle Hunter)                    Turns: 3268, Time: 00:01:03

Health: -14/39     AC: 12    Str: 15    XL:     6   Next: 12%
Magic:  4/6        EV: 13    Int:  9    God:    Okawaru [......]
Gold:   253        SH:  0    Dex: 15    Spells: 5/5 levels left

rFire   . . .        Y - +0 shortbow (chaos)
rCold   . . .        (shield currently unavailable)
rNeg    + + .        g - +0 ring mail
rPois   inf          (no helmet)
rElec   +            c - +0 cloak
rCorr   .            (no gloves)
SInv    .            (no boots)
Will    .....        (no amulet)
Stlth   +++          d - ring of positive energy
HPRegen 0.26/turn    (no ring)
MPRegen 0.10/turn

%: no passive effects
@: weak-willed, heroic
A: sickness immunity, AC +4, negative energy resistance 1, electricity
resistance, torment resistance 1, petrification resistance
a: Renounce Religion


You were on level 5 of the Dungeon.
You worshipped Okawaru.
Okawaru was noncommittal.
You visited 1 branch of the dungeon, and saw 5 of its levels.

You collected 253 gold pieces.


Innate Abilities, Weirdness & Mutations

You are immune to sickness and miasma.
Your stone body is resilient. (AC +4)
You are immune to poison.
You resist negative energy. (rN+)
You are resistant to electric shocks. (rElec)
You are resistant to unholy torment.
You are immune to petrification.


   Skills:
 - Level 4.3(9.3) Fighting
 + Level 6.1(11.1) Ranged Weapons
 - Level 1.0(6.0) Armour
 - Level 1.5(6.5) Dodging
 - Level 1.1(6.1) Stealth


You had 5 spell levels left.
You didn't know any spells.
Your spell library was empty.

Inventory:

Hand Weapons
 Y - a +0 shortbow of chaos (weapon)
Armour
 c - a +0 cloak (worn)
 g - a +0 ring mail (worn)
Jewellery
 d - a ring of positive energy (left hand)
Scrolls
 i - a scroll of identify
Potions
 a - a potion of curing
 b - a potion of lignification {unknown}
 e - a potion of might {unknown}
 f - 2 potions of heal wounds
 h - a potion of berserk rage {unknown}
 j - a potion of invisibility {unknown}
 k - a potion of attraction {unknown}

Dungeon Overview and Level Annotations

Branches:
Dungeon (5/15)
 Temple: D:4-7

Altars:
Dithmenos
Okawaru
Vehumet
Zin


Message History

Things that are here:
a +0 dagger; a goblin corpse You now have 253 gold pieces (gained 8).
You see here 6 poisoned darts.
l - a scroll labelled AMPICE KOTHRUAMUNOU You open the door.
Done exploring.
Done exploring.
3232 ||| READING scroll labelled AMPICE KOTHRUAMUNOU.
As you read the scroll labelled AMPICE KOTHRUAMUNOU, it crumbles to dust.
Magic quickly surges around you.
It was a scroll of vulnerability.
Done exploring.
What level of the Dungeon? (default 4, ? - help)
There is a stone staircase leading down here.
You climb downwards.
There is a stone staircase leading up here.
An ogre comes into view. It is wielding a +0 giant club.
The ogre shouts!
You hear an angry hiss.
3262 ||| INVOKING Heroism.
You gain the combat prowess of a mighty hero.
You can no longer gain great but temporary skills.
The ogre closely misses you.
You shoot an arrow. The arrow hits the ogre.
The ogre is lightly wounded.
An iguana comes into view.
The ogre hits you with a +0 giant club!
You shoot an arrow. The arrow barely misses the ogre.
You shoot an arrow. The arrow hits the ogre.
The ogre goes berserk!
The ogre is moderately wounded.
The ogre barely misses you.
You shoot an arrow. The arrow hits the ogre.
The arrow freezes the ogre.
The ogre is heavily wounded.
The ogre barely misses you.
You shoot an arrow. The arrow hits the ogre!
The ogre is severely wounded.
The ogre barely misses you.
You shoot an arrow. The arrow barely misses the ogre.
The ogre hits you with a +0 giant club!!!
Ouch! That really hurt!
You die...

********** ,,,,,,,,,*
********,*### #.,,..#
#######..##.#
.........##.#######
.........##.##..@.#
###......##)##.##O#
###.###.###.##.#*l#
###............#*.#
........<....###*.#*************
..#..##.##...# *..,,,,,,,,,,,,*
###..##.##...#* *##***********,*
........##....# *,*
###..#####....# *,*


You could see an ogre (berserk) and an iguana.

Vanquished Creatures
  An ogre (D:4)
  A scorpion (D:3)
  An iguana (D:5)
  An adder (D:5)
  A dart slug (D:2)
  An orc (D:3)
  5 endoplasms
  3 giant cockroaches (D:1)
  5 goblins
  9 hobgoblins
  3 jackals (D:4)
  A quokka (D:3)
  5 ball pythons
  7 bats
  8 frilled lizards
  8 kobolds
  9 rats
69 creatures vanquished.

Notes
Turn   | Place    | Note
-------+----------+-------------------------------------------
     0 | D:1      | qw the Gargoyle Hunter began the quest for the Orb.
     0 | D:1      | Reached XP level 1. HP: 12/12 MP: 1/1
     0 | D:1      | 0 ||| qw: Version: 0.3-a-76-g4403597
     0 | D:1      | 0 ||| qw: Game counter: 797
     0 | D:1      | 0 ||| qw: Melee chars always use a shield: true
     0 | D:1      | 0 ||| qw: God list: Okawaru
     0 | D:1      | 0 ||| qw: Allow faded altars: false
     0 | D:1      | 0 ||| qw: Do Orc after clearing Dungeon:15 true
     0 | D:1      | 0 ||| qw: Do second Lair branch before Depths: true
     0 | D:1      | 0 ||| qw: Lair rune preference: random
     0 | D:1      | 0 ||| qw: Goals: Normal
     0 | D:1      | 0 ||| PLANNING D:1-11
   230 | D:1      | Reached XP level 2. HP: 16/17 MP: 2/2
   553 | D:1      | Reached XP level 3. HP: 14/21 MP: 3/3
   701 | D:1      | Reached skill level 5 in Ranged Weapons
   879 | D:1      | 879 ||| UPGRADING to ring of positive energy.
   880 | D:1      | 880 ||| READING scroll labelled WAIRUNE FAODYI.
   881 | D:1      | 881 ||| READING scroll labelled LUDAGO NALLIME.
   882 | D:1      | 882 ||| DROPPING scroll of butterflies.
  1651 | D:2      | 1651 ||| UPGRADING to +0 ring mail.
  1661 | D:2      | 1661 ||| DROPPING +0 leather armour.
  1662 | D:2      | 1662 ||| READING scroll labelled WOF CATEKLAT.
  1663 | D:2      | 1663 ||| READING scroll labelled PAMPOA KELURIC.
  1682 | D:3      | Found a faded altar of an unknown god.
  1965 | D:3      | Reached skill level 1 in Armour
  2183 | D:3      | Reached skill level 3 in Fighting
  2183 | D:3      | Reached XP level 4. HP: 28/28 MP: 4/4
  2392 | D:3      | Found a glowing silver altar of Zin.
  2393 | D:3      | Found a shadowy altar of Dithmenos.
  2394 | D:3      | Found an iron altar of Okawaru.
  2394 | D:3      | Found a radiant altar of Vehumet.
  2395 | D:3      | 2395 ||| PLANNING OKAWARU WORSHIP
  2395 | D:3      | 2395 ||| READING scroll labelled YLLEUTHROUSU.
  2396 | D:3      | 2396 ||| DRINKING 2 cyan potions.
  2399 | D:3      | Became a worshipper of Warmaster Okawaru
  2400 | D:3      | 2400 ||| PLANNING D:1-11
  2431 | D:3      | Noticed a scorpion
  2438 | D:3      | Killed a scorpion
  2439 | D:3      | Reached XP level 5. HP: 26/32 MP: 5/5
  2538 | D:3      | 2538 ||| UPGRADING to +0 cloak.
  2591 | D:4      | Identified the +4 spear "Otesulir" {antimagic, Dex+3}
  2690 | D:4      | You fall into a shaft and drop 1 floor!
  2690 | D:5      | Entered Level 5 of the Dungeon
  2775 | D:5      | Reached skill level 6 in Ranged Weapons
  2831 | D:5      | 2831 ||| READING scroll labelled BOOTUS JOCHAMO.
  2832 | D:5      | 2832 ||| DRINKING 2 yellow potions.
  3060 | D:4      | Noticed an ogre
  3067 | D:4      | Killed an ogre
  3067 | D:4      | Reached * piety under Okawaru
  3068 | D:4      | Reached XP level 6. HP: 25/39 MP: 6/6
  3232 | D:4      | 3232 ||| READING scroll labelled AMPICE KOTHRUAMUNOU.
  3262 | D:5      | 3262 ||| INVOKING Heroism.
  3268 | D:5      | Demolished by an ogre

Levels and vault maps discovered:
D:1:      dpeg_arrival_water_fire, layout_loops_ring
D:2:      layout_basic
D:3:      layout_basic, mainiacjoe_overflow_alcove_3,
          nicolae_ecumenical_oubliette, kennysheep_generic_room_6
D:4:      layout_cave_pools, serial_column_ruins, column_ruins_hut,
          column_ruins_open_small, column_ruins_grid_1, column_ruins_grid_1,
          column_ruins_grid_1, minmay_tree_intersection
D:5:      layout_loops_ring

Skill      XL: |  1  2  3  4  5 |
---------------+----------------+-----
Ranged Weapons | 5 6 |  6.1
Armour         | 1 |  1.0
Fighting       | 3 4 |  4.3
Dodging        | |  1.5
Stealth        | |  1.1

Action                     |  1- 3 |  4- 6 || total
---------------------------+-------+-------++-------
   Fire: Shortbow          |   159 |    64 ||   223
 Invoke: Heroism           |       |     1 ||     1
    Use: Scroll            |     4 |     3 ||     7
         Potion            |       |     2 ||     2
 Armour: Leather armour    |    31 |       ||    31
         Ring mail         |    16 |    17 ||    33
  Dodge: Dodged            |    38 |    25 ||    63

Table legend:
 A = Non-vault XP
 B = Vault XP
 C = Vault XP percentage of total XP
 D = Non-vault monster count
 E = Vault monster count
 F = Vault count percentage of total count
                 A         B        C        D         E       F
            +---------+---------+-------+---------+---------+-------
      Total |     353 |       3 |   0.8 |      67 |       2 |   2.9
            +---------+---------+-------+---------+---------+-------
        D:1 |      39 |       0 |   0.0 |      24 |       0 |   0.0
        D:2 |      20 |       0 |   0.0 |      14 |       0 |   0.0
        D:3 |     104 |       3 |   2.8 |      14 |       2 |  12.5
        D:4 |     140 |       0 |   0.0 |      13 |       0 |   0.0
        D:5 |      50 |       0 |   0.0 |       2 |       0 |   0.0
            +---------+---------+-------+---------+---------+-------
